 Dungeon Crawl Stone Soup version 0.26.0-10-g1f06aea511 (webtiles) character file.

Game seed: 3415182521455950913

627 Ezendos the Sneak (level 7, -4/45 HPs)
             Began as an Octopode Earth Elementalist on Jan 24, 2021.
             Was an Initiate of Vehumet.
             Slain by an ice beast (13 damage)
             ... on level 6 of the Dungeon on Jan 27, 2021.
             The game lasted 00:21:11 (6527 turns).

Ezendos the Sneak (Octopode Earth Elementalist)     Turns: 6527, Time: 00:21:12

Health: -4/45      AC:  1    Str:  7    XL:     7   Next: 47%
Magic:  6/12       EV: 14    Int: 26    God:    Vehumet [......]
Gold:   270        SH:  0    Dex: 12    Spells: 6/12 levels left

rFire    . . .     SeeInvis +   B - +8 long sword of Starshine {drain, +Blink SInv}
rCold    . . .     Faith    .   (no shield)
rNeg     . . .     Spirit   .   j - +0 hat
rPois    .         Reflect  .   (no amulet)
rElec    .         Harm     .   s - ring of willpower
rCorr    .         Rampage  .   r - +6 ring of intelligence
Will     +....                  (no ring)
Stlth    ++++......             (no ring)
HPRegen  0.15/turn              (no ring)
MPRegen  0.13/turn              (no ring)
                                (no ring)
                                (no ring)

@: no status effects
A: almost no armour, stealthy swim, amphibious, 8 rings, constrict 8, camouflage
1, gelatinous body 1
a: Renounce Religion, Evoke Blink


You were on level 6 of the Dungeon.
You worshipped Vehumet.
Vehumet was noncommittal.
You visited 2 branches of the dungeon, and saw 7 of its levels.

You collected 270 gold pieces.

Inventory:

Hand Weapons
 c - a +2 short sword of speed
 t - a +0 flail of protection
 B - the +8 long sword of Starshine (weapon) {drain, +Blink SInv}
   (You found it on level 6 of the Dungeon)

   A truly terrible weapon, it drains the life of those it strikes.
   It lets you see invisible.
   It lets you blink.
Missiles
 b - 192 stones
 h - 2 throwing nets
Armour
 j - a +0 hat (worn)
Jewellery
 d - an uncursed ring of ice
 r - a +6 ring of intelligence (right tentacle)
 s - a ring of willpower (left tentacle)
Wands
 m - a wand of flame (7)
 p - a wand of enslavement (10)
 y - a wand of acid (12)
Scrolls
 e - a scroll of enchant weapon
 f - a scroll of remove curse
 g - 2 scrolls of amnesia
 l - a scroll of magic mapping
 u - a scroll of fear
 v - 2 scrolls of immolation
 x - 2 scrolls of teleportation
 A - a scroll of identify
Potions
 a - a potion of curing
 i - a potion of cancellation
 k - 4 potions of flight
 n - a potion of might
 o - 2 potions of degeneration
 q - a potion of lignification
 w - 2 potions of brilliance
 z - a potion of resistance


   Skills:
 + Level 2.9 Fighting
 + Level 3.0 Dodging
 + Level 5.2 Stealth
 + Level 3.3 Spellcasting
 + Level 3.2 Conjurations
 - Level 1.0 Transmutations
 + Level 4.7 Earth Magic


You had 6 spell levels left.
You knew the following spells:

 Your Spells              Type           Power        Failure   Level
a - Sandblast             Erth           58%          1%          1
b - Stone Arrow           Conj/Erth      50%          5%          3
B - Passwall              Tmut/Erth      15%          4%          2

Your spell library contained the following spells:

 Spells                   Type           Power        Failure   Level
 Petrify                  Tmut/Erth      19%          28%         4
 Lee's Rapid Deconstruct  Erth           14%          36%         5


Dungeon Overview and Level Annotations

Branches:
Dungeon (6/15)             Temple (1/1) D:4

Altars:
Cheibriados
Dithmenos
Elyvilon
Fedhas
Gozag
Hepliaklqana
Kikubaaqudgha
Makhleb
Nemelex Xobeh
Okawaru
Qazlal
Ru
Sif Muna
Trog
Uskayaw
Vehumet
Wu Jian
Xom
Zin
The Shining One

Shops:
D:5 (

Annotations:
D:2 exclusion: adder
D:3 1 runed translucent door, exclusion: orc wizard, Crazy Yiuf
D:4 exclusion: ogre
D:6 exclusion: centaur


Innate Abilities, Weirdness & Mutations

You cannot wear most types of armour.
You are very stealthy in the water. (Stealth+)
You are amphibious.
You can wear up to eight rings at the same time.
You can use your tentacles to constrict eight enemies at once.
Your skin changes colour to match your surroundings (Stealth+).
Your rubbery body absorbs attacks. (AC +1, EV +1)


Message History

Press: ? - help, Shift-Dir - straight line, f/p - ice beast
Aim: an ice beast (moderately wounded, 32% to evade)
The puff of flame hits the ice beast!
The ice beast melts!
The ice beast is severely wounded.
The ice beast hits you. The ice beast freezes you!
Evoke which item? (* to show all) (? for menu, Esc to quit)
Aiming: Throw Flame
Press: ? - help, Shift-Dir - straight line, f/p - ice beast
Aim: an ice beast (severely wounded, 32% to evade)
The puff of flame misses the ice beast.
The ice beast hits you. The ice beast freezes you.
* * * LOW HITPOINT WARNING * * *
Evoke which item? (* to show all) (? for menu, Esc to quit)
Aiming: Throw Flame
Press: ? - help, Shift-Dir - straight line, f/p - ice beast
Aim: an ice beast (severely wounded, 32% to evade)
The puff of flame misses the ice beast.
The ice beast hits you.
* * * LOW HITPOINT WARNING * * *
The ice beast freezes you!
You die...

###+# #########
##...############.#..#..##
#.....'...#..............#
#.....#...#..............#
##..###'#######..###.##.####
#+####.###..##..###.##....#
+............+........#
#.........Y..#........#
##..##...##@.##..?....#
...###'##...##..##..##..##
.>.......#...#...##..##...#
.........'...+.......#....#
##########.####..##.<#....######
#######.####..######.........
..............# ##..##.##.#
..............+ #.........#
..<...........# .....###....


You could see an ice beast.

Vanquished Creatures
  A phantom (D:4)
  A bullfrog (D:4)
  A scorpion (D:4)
  A crimson imp (D:3)
  A jelly (D:6)
  3 orc wizards
  4 worker ants
  2 hound skeletons (D:5)
  4 adders
  A shadow imp (D:4)
  3 worms
  3 dart slugs
  7 leopard geckos
  11 orcs
  9 bats
  3 giant cockroaches
  5 goblins
  3 hobgoblins
  4 jackals (D:4)
  2 quokkas (D:5)
  2 ball pythons
  5 frilled lizards
  7 kobolds
  A leopard gecko skeleton (D:4)
  A quokka skeleton (D:4)
  8 rats
93 creatures vanquished.

Vanquished Creatures (others)
  3 fungi (D:3)
3 creatures vanquished.

Grand Total: 96 creatures vanquished

Notes
Turn   | Place    | Note
-------+----------+-------------------------------------------
     0 | D:1      | Ezendos the Octopode Earth Elementalist began the quest for
                  | the Orb.
     0 | D:1      | Reached XP level 1. HP: 11/11 MP: 3/3
    62 | D:1      | Reached skill level 3 in Stealth
   189 | D:1      | Reached skill level 1 in Fighting
   189 | D:1      | Reached XP level 2. HP: 18/18 MP: 3/5
   214 | D:1      | Learned a level 2 spell: Passwall
   568 | D:1      | Reached XP level 3. HP: 23/23 MP: 4/6
   572 | D:1      | Learned a level 3 spell: Stone Arrow
  1483 | D:2      | Reached skill level 1 in Conjurations
  1494 | D:2      | Reached XP level 4. HP: 27/28 MP: 5/7
  2038 | D:3      | Found a burning altar of Makhleb.
  2740 | D:3      | Found a runed translucent door.
  2741 | D:3      | Noticed Crazy Yiuf
  2808 | D:3      | Reached XP level 5. HP: 33/33 MP: 6/8
  3288 | D:3      | Found a glowing golden altar of the Shining One.
  3596 | D:4      | Reached skill level 4 in Stealth
  3657 | D:4      | Reached XP level 6. HP: 32/39 MP: 0/10
  3808 | D:4      | Noticed a phantom
  3987 | D:4      | Found a staircase to the Ecumenical Temple.
  4514 | D:4      | Killed a phantom
  4515 | D:4      | Reached XP level 7. HP: 26/45 MP: 5/11
  4671 | D:4      | Found an ancient bone altar of Kikubaaqudgha.
  4677 | D:4      | Found a sacrificial altar of Ru.
  4908 | Temple   | Entered the Ecumenical Temple
  5006 | Temple   | Became a worshipper of Vehumet
  5041 | D:5      | Entered Level 5 of the Dungeon
  5268 | D:5      | Found Otrienao's Antique Weapon Boutique.
  5496 | D:5      | Reached skill level 5 in Stealth
  5884 | D:5      | Found a blossoming altar of Fedhas.
  6309 | D:6      | Found a white marble altar of Elyvilon.
  6470 | D:6      | Got an iridescent long sword
  6471 | D:6      | Identified the +8 long sword of Starshine {drain, +Blink
                  | SInv} (You found it on level 6 of the Dungeon)
  6527 | D:6      | Slain by an ice beast

Illustrated notes

Levels and vault maps discovered:
D:1:      roderic_crossed_star, layout_basic
D:2:      layout_loops_cross
D:3:      layout_loops_cross, makhleb_grotto_becter,
          nicolae_tso_carved_into_rock, uniq_crazy_yiuf_cottage
D:4:      layout_loops_cross, amethyst_overflow_temple_binary,
          minmay_temple_entry_statues
D:5:      layout_loops_ring, serial_shops, shop, kennysheep_doodads,
          fedhas_altar_fruit_tree
D:6:      layout_gridville, kennysheep_ying_yang, kennysheep_mini
Temple:   nicolae_temple_great_sept

Skill      XL: |  1  2  3  4  5  6  7 |
---------------+----------------------+-----
Stealth        | 3 4 5 |  5.2
Fighting       | 1 2 |  2.9
Conjurations   | 1 2 3 |  3.2
Earth Magic    | 4 |  4.7
Spellcasting   | 3 |  3.3
Dodging        | 3 |  3.0
Transmutations | |  1.0

Action                   |  1- 3 |  4- 6 |  7- 9 || total
-------------------------+-------+-------+-------++-------
Melee: Unarmed           |     4 |       |       ||     4
       Constrict         |    12 |    18 |     3 ||    33
       Short sword       |    26 |    67 |     9 ||   102
       Tentacles         |     1 |     5 |     2 ||     8
 Cast: Sandblast         |    33 |    35 |    15 ||    83
       Stone Arrow       |       |    11 |    16 ||    27
       Passwall          |       |     2 |       ||     2
Evoke: Wand              |       |       |     3 ||     3
  Use: Scroll            |       |    11 |     7 ||    18
       Potion            |       |     2 |       ||     2
 Stab: Sleeping          |     4 |     5 |       ||     9
Armor: Skin              |     2 |     2 |     1 ||     5
Dodge: Dodged            |    16 |    37 |    12 ||    65
